 Dungeon Crawl Stone Soup version 0.21.1 (webtiles) character file.

144 Megalobster the Ruffian (level 5, -7/45 HPs)
             Began as a Ghoul Monk on Feb 3, 2018.
             Blown up by a goblin (21 damage)
             ... with a wand of disintegration (8)
             ... on level 3 of the Dungeon.
             The game lasted 00:08:36 (2132 turns).

Megalobster the Ruffian (Ghoul Monk)                Turns: 2132, Time: 00:08:37

Health: -7/45      AC:  5    Str: 16    XL:     5   Next: 27%
Magic:  4/4        EV: 11    Int:  5    God:
Gold:   105        SH:  4    Dex: 11    Spells: 4/4 levels left

rFire    . . .     SeeInvis .     - Unarmed
rCold    + . .     Gourm    .   (no shield)
rNeg     + + +     Faith    .   s - +0 ring mail
rPois    ∞         Spirit   .   (no helmet)
rElec    .         Reflect  +   (no cloak)
rCorr    .         Harm     .   (no gloves)
MR       .....                  (no boots)
Stlth    +.........             p - +4 amulet of reflection
HPRegen  0.00/turn              (no ring)
MPRegen  0.09/turn              (no ring)

@: rotting
A: rotting body, claws 1, carnivore, cold resistance 1, negative energy
resistance 3, inhibited regeneration, torment resistance, unbreathing
a: no special abilities


You were on level 3 of the Dungeon.
You were not hungry.

You visited 1 branch of the dungeon, and saw 3 of its levels.

You collected 105 gold pieces.

Inventory:

Missiles
 g - 140 stones (quivered)
Armour
 a - a +0 robe
 s - a +0 ring mail (worn)
 u - a +0 shield
Jewellery
 p - a +4 amulet of reflection (around neck)
Scrolls
 d - 2 scrolls of identify {unknown}
 e - 2 scrolls of fog {unknown}
 i - a scroll of blinking {unknown}
 m - a scroll of enchant armour {unknown}
 n - 2 scrolls of amnesia {unknown}
 o - a scroll of teleportation {unknown}
 q - a scroll of remove curse {unknown}
 r - 2 scrolls of fear {unknown}
Potions
 c - 2 potions of curing {unknown}
 f - 2 potions of lignification {unknown}
 h - a potion of flight {unknown}
 j - a potion of brilliance {unknown}
 k - a potion of mutation {unknown}
 t - a potion of agility {unknown}
 v - a potion of ambrosia {unknown}
Comestibles
 b - 4 rations
 l - 4 chunks of flesh


   Skills:
 + Level 3.6 Fighting
 + Level 1.0 Armour
 + Level 2.9 Dodging
 - Level 2.1 Stealth
 * Level 5.7 Unarmed Combat


You had 4 spell levels left.
You didn't know any spells.

Dungeon Overview and Level Annotations

Branches:
Dungeon (3/15)

Altars:
Ru
The Shining One


Innate Abilities, Weirdness & Mutations

Your body is rotting away.
You thrive on raw meat.
You are immune to poison.
You have sharp fingernails.
You are carnivorous and can eat meat at any time.
Your flesh is cold resistant. (rC+)
You are immune to negative energy. (rN+++)
You do not regenerate when monsters are visible.
You are immune to unholy pain and torment.
You can survive without breathing.


Message History

You scratch the orc.
You kill the orc!
The goblin throws a stone.
The stone barely misses you.
You start resting.
Throwing (i - inventory):
g - 141 stones (quivered)
Press: ? - help, Shift-Dir - straight line, f - goblin
Aim: a goblin, wielding a club and carrying a wand of disintegration (9)
You throw a stone. The stone closely misses the goblin.
The goblin throws a stone.
The stone barely misses you.
You scratch the giant cockroach.
You kill the giant cockroach!
The goblin throws a stone.
The stone closely misses you.
The goblin zaps a wand.
You are blasted!
Items here: ( )) † 2 stones; a short sword; a dagger; a goblin corpse You take 13 damage, and have 14/45 hp.
MASSIVE DAMAGE!!
The goblin zaps a wand.
You are blasted!
You die...

♣♣.♣ ♣♣..
...........#.#
♣.♣♣ ♣♣.♣♣
.............#
♣.♣ ♣.♣♣♣
..........(..#
♣.♣♣♣♣.♣
..(..........#
♣...♣♣.♣
.............#
♣♣...).♣♣
.............#
♣♣.....♣
........g....#
♣...♣.♣
.......)@....#
♣.♣♣♣.♣♣
......##(....#
♣.♣ ♣..♣ ...##
#..##..# ♣.♣
♣♣(. .
#(###..## ♣.♣
♣.. #(......#
♣♣.♣ ♣♣.
#..###..# ♣..♣
♣. ##.##....#
♣.♣♣ ♣♣
###..##....#
♣.♣♣ ♣
#..........#
♣..♣ ♣


You could see a goblin.

Vanquished Creatures
  An orc wizard (D:2)
  An adder (D:2)
  3 oozes
  3 worms
  3 dart slugs
  2 leopard geckos (D:3)
  An orc (D:3)
  5 giant cockroaches
  11 goblins
  8 hobgoblins
  3 jackals (D:2)
  17 kobolds
  A quokka (D:2)
  6 bats
  4 frilled lizards
  6 rats
75 creatures vanquished.

Notes
Turn   | Place    | Note
-------+----------+-------------------------------------------
     0 | D:1      | Megalobster the Ghoul Monk began the quest for the Orb.
     0 | D:1      | Reached XP level 1. HP: 19/19 MP: 0/0
   141 | D:1      | Reached XP level 2. HP: 26/26 MP: 1/1
   334 | D:1      | Reached skill level 4 in Unarmed Combat
   714 | D:1      | Reached XP level 3. HP: 24/28 MP: 2/2
   966 | D:2      | Reached skill level 5 in Unarmed Combat
  1255 | D:2      | Reached XP level 4. HP: 38/38 MP: 3/3
  1453 | D:2      | Found a sacrificial altar of Ru.
  1573 | D:2      | Found a glowing golden altar of the Shining One.
  1791 | D:3      | Reached XP level 5. HP: 45/45 MP: 4/4
  1938 | D:3      | Reached skill level 1 in Armour
  2132 | D:3      | Blown up by a goblin

Skill      XL: |  1  2  3  4  5 |
---------------+----------------+-----
Unarmed Combat | 4 5 |  5.7
Armour         | 1 |  1.0
Fighting       | |  3.6
Dodging        | |  2.9
Stealth        | |  2.1

Action                   |  1- 3 |  4- 6 || total
-------------------------+-------+-------++-------
Melee: Unarmed           |   106 |   113 ||   219
       Punch             |       |     1 ||     1
Throw: Stone             |       |     6 ||     6
 Stab: Sleeping          |     5 |       ||     5
  Eat: Chunk             |     8 |     5 ||    13
Armor: Robe              |    13 |     1 ||    14
       Ring mail         |       |    16 ||    16
Dodge: Dodged            |    59 |    40 ||    99
Block: Other             |     8 |    21 ||    29
       Reflection        |       |     1 ||     1
